AoeStats
← ravish.ratnam

Arena

510319039Analyzed
4v4 RM · 16h ago on Sep 30, 2026· 64m 35s· 8 players
Game mode
Random Map
Map size
Large (8 player)
Population
200
Speed
Normal
Resources
Standard
Victory
Conquest
Starting age
Dark Age
Ending age
Imperial Age
RankedLock teamsTeams togetherTeam positionsShared explorationLock speedFull tech treeHidden civsTurbo modeCheats
Victory
Defeat
🇫🇷 Franks · France
1200
+15
🇸🇪 Spanish · Sweden
1194
+15
🇫🇷 Bohemians · France
1166
+16
🇭🇺 Hindustanis · Hungary
1117
+19
🇮🇳 Varangians · India
1185
-17
🇹🇼 Teutons · Taiwan
1173
-16
🇨🇳 Maya · China
1169
-16
🇨🇳 Magyars · China
1159
-40
La Teigne
11:02 Feudal Age
15:22 Castle Age
13:29 Horse Collar
14:12 Double-Bit Axe
16:24 Bow Saw
16:16 Heavy Plow
21:46 Wheelbarrow
21:13 Loom
21:16 Town Watch
27:10 Hand Cart
30:52 Imperial Age
28:58 Fletching
29:08 Padded Archer Armor
30:20 Bodkin Arrow
30:40 Leather Archer Armor
31:29 Chemistry
30:49 Ballistics
30:13 Crossbowman
31:56 Bracer
32:23 Siege Engineers
32:50 Ring Archer Armor
31:52 Arbalester
33:51 Two-Man Saw
33:27 Conscription
33:47 Town Patrol
43:56 Houfnice
46:25 Pikeman
47:05 Squires
46:51 Arson
47:19 Forging
47:10 Scale Mail Armor
47:13 Halberdier
49:27 Iron Casting
49:07 Chain Mail Armor
51:11 Blast Furnace
50:33 Elite Skirmisher
ChuckAcsuka
11:00 Feudal Age
14:42 Castle Age
14:09 Double-Bit Axe
15:49 Bow Saw
15:21 Horse Collar
15:45 Loom
21:29 Gold Mining
22:44 Forging
24:04 Iron Casting
24:28 Bloodlines
24:18 Husbandry
24:35 Scale Barding Armor
24:32 Husbandry
27:20 Wheelbarrow
27:08 Chain Barding Armor
27:13 Stone Mining
27:42 Heavy Plow
31:07 Imperial Age
29:25 Fortified Wall
30:01 Gold Shaft Mining
31:09 Fletching
31:12 Heavy Camel Rider
33:22 Blast Furnace
33:56 Plate Barding Armor
33:52 Conscription
33:55 Grand Trunk Road
34:27 Imperial Camel Rider
37:55 Murder Holes
38:21 Ballistics
37:58 Bodkin Arrow
37:55 Light Cavalry
39:38 Stone Shaft Mining
39:17 Hussar
41:10 Hand Cart
46:44 Caravan
50:05 Two-Man Saw
49:11 Bracer
55:13 Town Watch
65:05 Padded Archer Armor
65:05 Scale Mail Armor
65:39 Coinage
ikaros
10:52 Feudal Age
12:44 Loom
15:26 Castle Age
17:45 Double-Bit Axe
17:47 Horse Collar
27:16 Bloodlines
30:29 Imperial Age
28:36 Wheelbarrow
28:31 Gold Mining
29:47 Scale Barding Armor
29:45 Husbandry
31:57 Conscription
32:22 Chain Barding Armor
32:21 Padded Archer Armor
31:47 Elite Skirmisher
31:55 Light Cavalry
36:45 Fletching
38:53 Bodkin Arrow
40:34 Plate Barding Armor
42:05 Hand Cart
42:50 Bracer
43:01 Forging
44:39 Ballistics
44:37 Leather Archer Armor
46:09 Chemistry
48:04 Hussar
53:05 Town Watch
54:25 Iron Casting
54:20 Ring Archer Armor
55:48 Bow Saw
55:45 Heavy Plow
57:23 Blast Furnace
58:08 Ring Archer Armor
Frodon le Hobbit
10:46 Loom
12:39 Feudal Age
17:18 Castle Age
17:38 Pikeman
18:06 Gambesons
25:54 Double-Bit Axe
33:08 Imperial Age
31:41 Wheelbarrow
31:11 Padded Archer Armor
32:21 Ballistics
32:23 Forging
32:20 Squires
33:38 Scale Barding Armor
33:52 Bow Saw
33:19 Cavalier
34:39 Gold Mining
35:10 Scale Mail Armor
36:52 Murder Holes
37:08 Fortified Wall
37:40 Iron Casting
38:23 Gold Shaft Mining
38:28 Elite Throwing Axeman
40:02 Chain Mail Armor
40:22 Conscription
40:04 Chivalry
41:37 Blast Furnace
41:30 Plate Mail Armor
43:19 Leather Archer Armor
43:09 Town Watch
43:49 Husbandry
44:56 Chain Barding Armor
45:25 Halberdier
49:11 Plate Barding Armor
51:05 Hand Cart
53:05 Paladin
54:51 Chemistry
53:47 Murder Holes
56:17 Caravan
57:11 Arson
ravish.ratnam
10:20 Feudal Age
11:52 Loom
14:23 Castle Age
20:18 Scale Mail Armor
25:08 Double-Bit Axe
26:20 Bow Saw
26:45 Horse Collar
27:44 Wheelbarrow
33:05 Imperial Age
31:02 Chain Mail Armor
31:23 Heavy Plow
32:17 Forging
33:34 Arson
35:03 Iron Casting
35:08 Bloodlines
34:59 Husbandry
35:31 Scale Barding Armor
37:45 Plate Mail Armor
37:30 Elite Varangian Guard
51:26 Light Cavalry
52:58 Hussar
55:39 Blast Furnace
56:43 Chain Barding Armor
popibo
11:26 Feudal Age
9:42 Loom
15:51 Castle Age
14:22 Double-Bit Axe
14:19 Horse Collar
17:44 Wheelbarrow
18:42 Bow Saw
22:37 Heavy Plow
23:23 Stone Mining
23:23 Gold Mining
29:18 Imperial Age
27:06 Hand Cart
27:09 Forging
26:59 Scale Mail Armor
28:25 Stone Shaft Mining
28:15 Squires
27:35 Pikeman
28:58 Gambesons
29:01 Arson
30:22 Conscription
30:34 Masonry
29:57 Halberdier
30:57 Chain Mail Armor
31:25 Iron Casting
31:31 Masonry
33:03 Chemistry
32:28 Ballistics
32:45 Town Watch
33:09 Siege Engineers
33:17 Fortified Wall
33:24 Heavy Scorpion
37:28 Crenellations
38:20 Plate Mail Armor
37:42 Fletching
41:39 Man-at-Arms
44:52 Long Swordsman
51:55 Two-Handed Swordsman
54:14 Blast Furnace
53:09 Bodkin Arrow
54:08 Ironclad
53:55 Champion
56:48 Scale Barding Armor
57:13 Bloodlines
58:16 Chain Barding Armor
59:31 Plate Barding Armor
一马归一马
10:37 Feudal Age
14:11 Castle Age
12:18 Double-Bit Axe
12:55 Horse Collar
17:11 Bow Saw
19:19 Town Watch
19:20 Loom
19:28 Gold Mining
21:30 Wheelbarrow
21:49 Heavy Plow
22:24 Stone Mining
28:03 Imperial Age
26:12 Scale Mail Armor
26:23 Forging
26:48 Eagle Warrior
27:15 Arson
27:57 Treadmill Crane
28:24 Squires
30:29 Conscription
31:04 Chain Mail Armor
31:28 Iron Casting
30:44 Fletching
31:49 Murder Holes
32:05 Masonry
31:47 Elite Eagle Warrior
33:15 Fortified Wall
34:19 Plate Mail Armor
33:58 Devotion
34:45 Hoardings
36:20 Blast Furnace
35:16 Bodkin Arrow
35:23 Capped Ram
37:14 Siege Ram
43:06 Pikeman
44:02 Padded Archer Armor
45:49 Halberdier
48:47 Caravan
49:30 Coinage
54:19 Heavy Scorpion
根本赢不了
10:46 Feudal Age
12:17 Double-Bit Axe
14:33 Castle Age
20:31 Wheelbarrow
19:47 Horse Collar
20:18 Bow Saw
22:10 Gold Mining
26:52 Imperial Age
24:48 Fletching
25:12 Heavy Plow
26:06 Bodkin Arrow
26:12 Padded Archer Armor
27:12 Thumb Ring
27:20 Bloodlines
27:48 Leather Archer Armor
28:03 Bracer
30:33 Chemistry
29:26 Loom
29:27 Town Watch
30:05 Ballistics
29:51 Husbandry
31:19 Ring Archer Armor
32:46 Conscription
33:27 Parthian Tactics
32:23 Heavy Cavalry Archer
34:17 Two-Man Saw
33:51 Recurve Bow
33:58 Elite Magyar Huszar
34:42 Corvinian Army
35:38 Scale Barding Armor
36:39 Crop Rotation
37:06 Hoardings
36:56 Chain Barding Armor
37:00 Cavalier
38:32 Plate Barding Armor
39:38 Paladin
44:25 Hand Cart
Connection lost

Rejoining the realm…

Still unreachable

The connection could not be restored.

Session expired

The server has moved on; the page needs a fresh start.